 Dungeon Crawl Stone Soup version 0.28-a0-779-g3d1f99b579 (webtiles) character file.

Game seed: 637952031969915300

37 ytrimaz the Conjurer (level 3, -4/18 HPs)
             Began as an Octopode Conjurer on Nov 2, 2021.
             Was a Follower of Hepliaklqana.
             Slain by Sigmund (13 damage)
             ... on level 2 of the Dungeon.
             The game lasted 00:02:28 (1533 turns).

ytrimaz the Conjurer (Octopode Conjurer)            Turns: 1533, Time: 00:02:29

Health: -4/18      AC:  1    Str:  6    XL:     3   Next: 41%
Magic:  6/6        EV: 13    Int: 23    God:    Hepliaklqana [*.....]
Gold:   33         SH:  0    Dex: 10    Spells: 3/6 levels left

rFire   . . .      SeeInvis .   d - +1 dagger (freeze)
rCold   . . .      Faith    .   (no shield)
rNeg    . . .      Spirit   .   (helmet restricted)
rPois   +          Reflect  .   (no amulet)
rElec   .          Harm     .   b - ring of willpower
rCorr   .          Rampage  .   (no ring)
Will    ++...                   (no ring)
Stlth   +++.......              (no ring)
HPRegen 0.06/turn               (no ring)
MPRegen 0.10/turn               (no ring)
                                (no ring)
                                (no ring)

@: brilliant
A: reduced essence, almost no armour, amphibious, 8 rings, camouflage 1,
gelatinous body 1, (nimble swimmer 1), tentacles, clever 1, strong-willed 1,
poison resistance
a: Renounce Religion, Recall Ancestor, Ancestor Identity


You were on level 2 of the Dungeon.
You worshipped Hepliaklqana.
Hepliaklqana was aware of your devotion.
You visited 1 branch of the dungeon, and saw 2 of its levels.

You collected 33 gold pieces.

Inventory:

Hand Weapons
 d - a +1 dagger of freezing (weapon)
Jewellery
 b - a ring of willpower (left tentacle)
Scrolls
 a - a scroll of identify {unknown}
 c - a scroll of teleportation {unknown}
 e - a scroll of magic mapping {unknown}
 i - a scroll of fear {unknown}


   Skills:
 - Level 2.0 Dodging
 - Level 2.6 Stealth
 + Level 2.2 Spellcasting
 + Level 4.9 Conjurations
 * Level 0.1 Transmutations
 * Level 0.4 Invocations


You had 3 spell levels left.
You knew the following spells:

 Your Spells              Type           Power      Damage    Failure   Level
a - Magic Dart            Conj           100%       1d8       1%          1
b - Wereblood             Tmut           4%         N/A       19%         2

Your spell library contained the following spells:

 Spells                   Type           Power      Damage    Failure   Level
 Searing Ray              Conj           74%        2d7       2%          2
 Animate Skeleton         Necr           6%         N/A       13%         1
 Apportation              Tloc           6%         N/A       13%         1
 Freeze                   Ice            12%        1d4       13%         1
 Summon Small Mammal      Summ           12%        N/A       13%         1
 Dazzling Flash           Conj/Hex       40%        N/A       14%         3
 Sublimation of Blood     Necr           3%         N/A       19%         2
 Frozen Ramparts          Ice            6%         1d2       36%         3
 Fulminant Prism          Conj/Hex       10%        3d9       41%         4
 Hailstorm                Conj/Ice       20%        3d6       41%         4
 Iskenderun's Mystic Bla  Conj/Tloc      20%        2d6       41%         4
 Summon Hydra             Summ           1%         N/A       100%        7


Dungeon Overview and Level Annotations

Branches:
Dungeon (2/15)

Altars:
Hepliaklqana

Shops:
D:2 (

Annotations:
D:2 Sigmund, Terence


Innate Abilities, Weirdness & Mutations

Your life essence is reduced to manifest your ancestor. (-10% HP)
You cannot wear most types of armour.
You are amphibious.
You can wear up to eight rings at the same time.
Your skin changes colour to match your surroundings (Stealth+).
Your rubbery body absorbs attacks. (AC +1, EV +1)
((You are camouflaged near water. (Stealth+)))
You have tentacles for arms and can constrict up to eight enemies at once.
Your mind is acute. (Int +2)
You are strong-willed. (Will+)
Your system is resistant to poisons. (rPois)


Message History

Sigmund casts a spell at you. The magic dart hits you.
The magic dart hits Sigmund but does no damage.
The magic dart hits Sigmund.
Sigmund is lightly wounded.
Sigmund gestures at you while chanting. The puff of flame hits you!
* * * LOW HITPOINT WARNING * * *
You are too injured to fight recklessly!
You are too injured to fight recklessly!
Unknown command.
You are too injured to fight recklessly!
You swap places.
Unknown command.
You are too injured to fight recklessly!
Sigmund casts a spell at you.
The puff of flame hits Leqagaka.
Leqagaka resists.
Sigmund closely misses Leqagaka.
Leqagaka hits Sigmund.
Sigmund misses Leqagaka.
Leqagaka barely misses Sigmund.
It was a potion of brilliance.
You feel clever all of a sudden.
Leqagaka hits Sigmund.
It was a potion of mutation.
You feel extremely strange.
You feel strong-willed.
You feel clever.
You feel resistant to poisons.
Sigmund misses Leqagaka.
Leqagaka hits Sigmund.
It was a potion of ambrosia.
You are confused.
You feel invigorated.
Sigmund hits Leqagaka with a +0 scythe!
Leqagaka is destroyed!
You're too confused to move!
You bump into the rock wall.
Sigmund hits you with a +0 scythe!
Ouch! That really hurt!
You're too confused to cast spells.
You bump into the rock wall.
You feel less invigorated.
You feel less confused. Sigmund hits you with a +0 scythe!
Ouch! That really hurt!
You die...

#.......R)......#
###.#....##...)....
#......#..........#
.........###....###
#.#.###.## ..>.# #
#. #..# ..### #
#.## ..# #.# ..#
#@# ..# #@#
#....†........
######.####... #..
# #.. #.. #...
....## #..# ......
#..# ......


You could see Sigmund.

Vanquished Creatures
  A dart slug (D:1)
  3 bats
  3 endoplasms
  A giant cockroach (D:1)
  A goblin (D:2)
  2 hobgoblins (D:1)
  6 jackals
  3 quokkas (D:1)
  3 ball pythons (D:1)
  3 frilled lizards (D:2)
  4 kobolds (D:1)
  2 rats (D:1)
32 creatures vanquished.

Vanquished Creatures (collateral kills)
  A rat (D:1)
1 creature vanquished.

Vanquished Creatures (others)
  2 ancestors (D:2)
2 creatures vanquished.

Grand Total: 35 creatures vanquished

Notes
Turn   | Place    | Note
-------+----------+-------------------------------------------
     0 | D:1      | ytrimaz the Octopode Conjurer began the quest for the Orb.
     0 | D:1      | Reached XP level 1. HP: 11/11 MP: 3/3
   497 | D:1      | Reached XP level 2. HP: 17/17 MP: 3/5
   579 | D:1      | Found a faded altar of an unknown god.
   605 | D:1      | Prayed at the altar of an unknown god.
   605 | D:1      | Became a worshipper of Hepliaklqana the Forgotten
   605 | D:1      | Reached * piety under Hepliaklqana
  1057 | D:1      | Reached XP level 3. HP: 18/18 MP: 2/6
  1240 | D:2      | Noticed Terence
  1272 | D:1      | Learned a level 2 spell: Wereblood
  1335 | D:2      | Found Jikhloud's Weapon Emporium.
  1517 | D:2      | Noticed Sigmund
  1526 | D:2      | Gained mutation: You are strong-willed. (Will+) [potion of
                  | mutation]
  1526 | D:2      | Gained mutation: Your mind is acute. (Int +2) [potion of
                  | mutation]
  1526 | D:2      | Gained mutation: Your system is resistant to poisons.
                  | (rPois) [potion of mutation]
  1533 | D:2      | Slain by Sigmund

Illustrated notes

Levels and vault maps discovered:
D:1:      psy_arrival_statuary, layout_basic,
          shapermc_ecumenical_altar_starsandcircs
D:2:      layout_loops_ring, basic_altar, serial_shops, shop,
          minmay_nonomino_d4, uniq_terence, uniq_sigmund

Action                   || total
-------------------------++-------
Melee: Unarmed           ||     9
       Constrict         ||     4
       Tentacles         ||     2
       Dagger            ||     6
 Cast: Magic Dart        ||    51
Invok: Ancestor Identity ||     2
  Use: Potion            ||     3
Armor: Skin              ||     3
Dodge: Dodged            ||    15

Table legend: (Time is in decaauts)
 A = Elapsed time spent in this place.
 B = Non-inter-level travel time spent in this place.
 C = Inter-level travel time spent in this place.
 D = Time resting spent in this place.
 E = Time spent auto-exploring this place.
 F = Levels seen in this place.
 G = Mean time per level.
                   A        B        C        D        E       F      G
               +--------+--------+--------+--------+--------+-----+--------+
         Total |   1532 |   1493 |     39 |    354 |    927 |   2 |  766.0 |
       Dungeon |   1532 |   1493 |     39 |    354 |    927 |   2 |  766.0 |
               +--------+--------+--------+--------+--------+-----+--------+

Top non-repeatable levels by time:
     D:1: 1277 daAuts
     D:2: 255 daAuts
